 Dungeon Crawl Stone Soup version 0.29-a0-1027-gcd8c55af63 (webtiles) character file.

Game seed: 6689405433443039516

31 DungeonMaster the Grasshopper (level 3, -7/26 HPs)
             Began as a Demonspawn Wanderer on Aug 13, 2022.
             Mangled by a worm (9 damage)
             ... on level 2 of the Dungeon.
             The game lasted 00:01:32 (965 turns).

DungeonMaster the Grasshopper (Demonspawn Wanderer)  Turns: 965, Time: 00:01:32

Health: -7/26      AC:  7    Str: 12    XL:     3   Next: 7%
Magic:  6/6        EV: 10    Int: 15    God:
Gold:   18         SH:  0    Dex: 12    Spells: 6/6 levels left

rFire   . . .      SeeInvis .   a - +0 flail
rCold   . . .      Faith    .   (no shield)
rNeg    . . .      Spirit   .   c - +0 ring mail
rPois   .          Reflect  .   (no helmet)
rElec   .          Harm     .   (no cloak)
rCorr   .          Rampage  .   (no gloves)
Will    .....                   (no boots)
Stlth   +.........              (no amulet)
HPRegen 0.08/turn               (no ring)
MPRegen 0.10/turn               (no ring)

@: no status effects
A: molten scales 1
a: no special abilities


You were on level 2 of the Dungeon.
You visited 1 branch of the dungeon, and saw 2 of its levels.

You collected 18 gold pieces.

Inventory:

Hand Weapons
 a - a +0 flail (weapon)
Missiles
 g - 3 stones (quivered)
Armour
 c - a +0 ring mail (worn)
Scrolls
 b - a scroll of silence
 d - a scroll of identify {unknown}
 f - a scroll of teleportation {unknown}
 h - a scroll of enchant armour {unknown}
Potions
 e - a potion of berserk rage {unknown}


   Skills:
 * Level 1.4 Fighting
 * Level 1.7 Armour
 * Level 1.7 Dodging
 - Level 2.0 Spellcasting
 - Level 2.6 Translocations
 - Level 1.7 Earth Magic
 - Level 1.0 Evocations


You had 6 spell levels left.
You didn't know any spells.
Your spell library contained the following spells:

 Spells                   Type           Power      Damage    Failure   Level
 Apportation              Tloc           18%        N/A       16%         1
 Sandblast                Erth           12%        2d6       24%         1
 Gell's Gravitas          Tloc           9%         N/A       43%         3
 Stone Arrow              Conj/Erth      8%         3d7       71%         3
 Iskenderun's Mystic Bla  Conj/Tloc      5%         2d3       95%         4


Dungeon Overview and Level Annotations

Branches:
Dungeon (2/15)

Altars:


Innate Abilities, Weirdness & Mutations

You are partially covered in molten scales. (AC +2)


Message History

You are no longer poisoned.
A worm comes into view.
An adder comes into view.
The adder hisses angrily.
The adder moves out of view.
You hit the worm.
The worm is lightly wounded.
The worm bites you.
You hit the worm.
The worm is moderately wounded.
The worm closely misses you.
You barely miss the worm.
The worm is moderately wounded.
The worm bites you!
You barely miss the worm.
The worm is moderately wounded.
The worm closely misses you.
You barely miss the worm.
The worm is lightly wounded.
The worm bites you.
You hit the worm.
The worm is moderately wounded.
You completely miss the worm.
The worm is moderately wounded.
The worm bites you!
You barely miss the worm.
The worm is moderately wounded.
The worm bites you.
* * * LOW HITPOINT WARNING * * *
You sock the worm!
The worm is severely wounded.
The worm barely misses you.
You hit the worm.
The worm is severely wounded.
The worm bites you.
* * * LOW HITPOINT WARNING * * *
You barely miss the worm.
The worm is heavily wounded.
The worm bites you!
You die...

#.###......#.
#............ .
#.##..#.####. ..
#.....#.####. ...
####.###........ ...
#.....####.#.... . ..
#.##.......#..~~
....#.###.###.######..~~
#...Sw@..รท.#.# #..~~
####.###.#.#.# #..~~ ..
....... #...8 ...
#.......# #.... ...
#.##...... .. #. ......
. #. #...... #. .#.#


You could see a worm and an adder.

Vanquished Creatures
  2 adders (D:2)
  A ball python (D:1)
  2 endoplasms (D:2)
  A goblin (D:1)
  2 jackals (D:2)
  A kobold (D:1)
  A quokka (D:1)
  A bat (D:1)
  A frilled lizard (D:2)
  A rat (D:1)
13 creatures vanquished.

Notes
Turn   | Place    | Note
-------+----------+-------------------------------------------
     0 | D:1      | DungeonMaster the Demonspawn Wanderer began the quest for
                  | the Orb.
     0 | D:1      | DungeonMaster set off with the following items: a +0 club,
                  | a scroll of silence, a +0 ring mail; and the following
                  | spells available to memorise: Apportation, Sandblast,
                  | Gell's Gravitas, Stone Arrow, Iskenderun's Mystic Blast.
     0 | D:1      | Reached XP level 1. HP: 13/13 MP: 3/3
   360 | D:2      | Gained mutation: You are partially covered in molten
                  | scales. (AC +2) [demonic ancestry]
   360 | D:2      | Reached XP level 2. HP: 15/20 MP: 5/5
   485 | D:2      | Reached skill level 1 in Fighting
   658 | D:2      | Reached XP level 3. HP: 8/26 MP: 6/6
   965 | D:2      | Mangled by a worm

Illustrated notes

Levels and vault maps discovered:
D:1:      dpeg_arrival_round_c, layout_basic, hellmonk_ecumenical_altar_run_dry,
          minmay_pentomino_w2
D:2:      layout_loops_cross, serial_park_tiny_pond, hangedman_glass_teeth

Skill      XL: |  1  2 |
---------------+-------+-----
Fighting       | 1 |  1.4
Armour         | |  1.7
Dodging        | |  1.7
Spellcasting   | |  2.0
Translocations | |  2.6
Earth Magic    | |  1.7
Evocations     | |  1.0

Action                   || total
-------------------------++-------
Melee: Flail             ||    69
       Club              ||     7
       Punch             ||     1
Armor: Ring mail         ||    42
Dodge: Dodged            ||    50

Table legend: (Time is in decaauts)
 A = Elapsed time spent in this place.
 B = Non-inter-level travel time spent in this place.
 C = Inter-level travel time spent in this place.
 D = Time resting spent in this place.
 E = Time spent auto-exploring this place.
 F = Levels seen in this place.
 G = Mean time per level.
                   A        B        C        D        E       F      G
               +--------+--------+--------+--------+--------+-----+--------+
         Total |    993 |    993 |      0 |    529 |    264 |   2 |  496.5 |
       Dungeon |    993 |    993 |      0 |    529 |    264 |   2 |  496.5 |
               +--------+--------+--------+--------+--------+-----+--------+

Top non-repeatable levels by time:
     D:2: 705 daAuts
     D:1: 288 daAuts
